 Dungeon Crawl Stone Soup version 0.32-a0-314-g526f7d4993 (webtiles) character file.

Game seed: 4204103883704608881

511 BerryKnight the Firebug (level 6, 0/53 HPs)
             Began as a Mountain Dwarf Cinder Acolyte on Feb 15, 2024.
             Was a High Priest of Ignis.
             Slain by an ogre
             ... wielding a +0 giant club
              (27 damage)
             ... on level 6 of the Dungeon.
             The game lasted 00:12:26 (1480 turns).

BerryKnight the Firebug (MDCA)                      Turns: 1480, Time: 00:12:26

Health: 0/53       AC:  6    Str: 19    XL:     6   Next: 99%
Magic:  0/9        EV:  9    Int: 14    God:    Ignis [*****.]
Gold:   196        SH:  0    Dex:  5    Spells: 4/10 levels left

rFire   + . .        f - +1 hand axe (heavy)
rCold   . . .        (no shield)
rNeg    . . .        q - +0 scale mail
rPois   .            (no helmet)
rElec   .            (no cloak)
rCorr   .            (no gloves)
SInv    +            (no boots)
Will    .....        (no amulet) Stlth
                     r - ring of see invisible
HPRegen 0.28/turn    (no ring)
MPRegen 0.11/turn

%: no passive effects
@: no status effects
A: runic magic, artefact enchanting
a: Renounce Religion, Fiery Armour, Foxfire Swarm, Rising Flame


You were on level 6 of the Dungeon.
You worshipped Ignis.
Ignis was extremely pleased with you.
You visited 1 branch of the dungeon, and saw 6 of its levels.

You collected 196 gold pieces.

Inventory:

Hand Weapons
 a - a -1 hand axe of flaming
 f - a +1 heavy hand axe (weapon)
 n - a +4 short sword
 s - the +2 long sword of Oseeph {freeze, rF++ Int-4 Dex+9 Stlth+}
   (You found it on level 4 of the Dungeon)

   Int-4:     It affects your intelligence (-4).
   Dex+9:     It affects your dexterity (+9).
   rF++:      It greatly protects you from fire.
   Stlth+:    It makes you more stealthy.
Missiles
 v - 2 poisoned darts
Armour
 q - a +0 scale mail (worn)
Magical Staves
 p - a staff of fire
Jewellery
 r - a ring of see invisible (left hand)
Scrolls
 c - a scroll of torment
 d - a scroll of enchant armour
 e - 2 scrolls of revelation {unknown}
 j - a scroll of enchant weapon
 k - 2 scrolls of amnesia
 o - 2 scrolls of vulnerability
 t - a scroll of summoning {unknown}
 u - a scroll of identify
 w - a scroll of blinking
Potions
 b - a potion of attraction {unknown}
 g - a potion of haste {unknown}
 h - 2 potions of magic {unknown}
 i - a potion of degeneration {unknown}
 l - a potion of curing {unknown}
 m - a potion of heal wounds {unknown}


   Skills:
 + Level 4.7 Fighting
 + Level 5.2 Axes
 + Level 2.3 Armour
 + Level 2.6 Spellcasting
 + Level 0.0 Conjurations
 * Level 6.3 Fire Magic


You had 4 spell levels left.
You knew the following spells:

 Your Spells              Type           Power      Damage    Failure   Level
a - Scorch                Fire           38%        2d6       3%          2
b - Flame Wave            Conj/Fire      10%        2d6       63%         4

Your spell library contained the following spells:

 Spells                   Type           Power      Damage    Failure   Level
 Foxfire                  Conj/Fire      40%        2x1d6     9%          1
 Plasma Beam              Fire/Air       5%         2x1d15    100%        6
 Starburst                Conj/Fire      5%         6d4       100%        6
 Summon Cactus Giant      Summ           0%         N/A       100%        6


Dungeon Overview and Level Annotations

Branches:
Dungeon (6/15)
 Temple: D:4-7

Altars:

Shops:
D:2 (


Innate Abilities, Weirdness & Mutations

Your spellcasting is much less encumbered by armour.
You can use scrolls of enchantment on lesser artefacts.


Message History

You see here an adder corpse.
There is an open door here.
There is a stone staircase leading down here.
This spell is extremely dangerous to cast!
You start memorising the spell.
You continue memorising. x4
You finish memorising.
Spell assigned to 'b'.
Unknown command.
You climb downwards.
Found 10 gold pieces and a murky green potion.
There is a stone staircase leading up here.
Found a mace.
An ogre comes into view. It is wielding a +0 giant club.
The ogre moves out of view.
You see here 10 gold pieces.
Casting: Scorch (safe; 3% risk of failure)
Press: ? - help, Q - select action, (/) - cycle Dir - look around, f - activate Flames lash the ogre.
The ogre is lightly wounded.
The ogre's fire resistance burns away.
Unknown command.
Casting: Scorch (safe; 3% risk of failure)
Press: ? - help, Q - select action, (/) - cycle Dir - look around, f - activate Flames lash the ogre.
The ogre is burned terribly!
The ogre is heavily wounded.
The ogre hits you with a +0 giant club!
Unknown command.
Casting: Scorch (safe; 3% risk of failure)
Press: ? - help, Q - select action, (/) - cycle Dir - look around, f - activate Flames lash the ogre.
The ogre is burned terribly!
The ogre is almost dead.
Unknown command.
You don't have enough magic to cast this spell.
Unknown command.
You don't have enough magic to cast this spell.
You barely miss the ogre.
The ogre is almost dead.
The ogre hits you with a +0 giant club!!
Ouch! That really hurt!
You die...
Ignis goes out, and joins you in death.

... .
#.#######
#.
##........
.. #.<#
#.####..#
#.......#
###.....###
#.#.....#
#!.##@##.#
#. #O# )..
#. #.# ###
. ... .#
..# #...
..## .#


You could see an ogre (combustible).

Vanquished Creatures
  An ogre (D:4)
  A phantom (D:4)
  2 howler monkeys (D:4)
  A jelly (D:5)
  2 hounds
  A sleepcap (D:5)
  6 adders
  A white imp (D:5)
  5 dart slugs
  2 ribbon worms
  3 orcs
  4 bats
  3 endoplasms
  A giant cockroach (D:4)
  3 goblins
  4 hobgoblins
  4 kobolds
  4 quokkas
  A ball python (D:2)
  A frilled lizard (D:2)
  2 rats
52 creatures vanquished.

Notes
Turn   | Place    | Note
-------+----------+-------------------------------------------
     0 | D:1      | BerryKnight the Mountain Dwarf Cinder Acolyte began the
                  | quest for the Orb.
     0 | D:1      | Reached XP level 1. HP: 19/19 MP: 2/2
    67 | D:1      | Reached XP level 2. HP: 19/26 MP: 3/3
   116 | D:1      | Learned a level 2 spell: Scorch
   208 | D:1      | Reached skill level 4 in Fire Magic
   319 | D:2      | Found Ishitamy's Weapon Shop.
   406 | D:2      | Reached XP level 3. HP: 33/33 MP: 5/5
   650 | D:3      | Reached XP level 4. HP: 31/40 MP: 1/6
   854 | D:4      | Noticed an ogre
   868 | D:4      | Killed an ogre
   869 | D:4      | Reached skill level 1 in Armour
   869 | D:4      | Reached skill level 5 in Fire Magic
   869 | D:4      | Reached XP level 5. HP: 36/46 MP: 0/8
   977 | D:4      | Noticed a phantom
   980 | D:4      | Reached XP level 6. HP: 53/53 MP: 1/9
  1000 | D:4      | Reached skill level 5 in Axes
  1187 | D:4      | Identified the +2 long sword of Oseeph {freeze, rF++ Int-4
                  | Dex+9 Stlth+}
  1260 | D:5      | Entered Level 5 of the Dungeon
  1266 | D:5      | Reached skill level 6 in Fire Magic
  1470 | D:5      | Learned a level 4 spell: Flame Wave
  1480 | D:6      | Slain by an ogre

Illustrated notes

Levels and vault maps discovered:
D:1:      scummos_arrival_simple_fountains, layout_loops_ring
D:2:      layout_basic, serial_shops, shop
D:3:      layout_rooms, nicolae_ru_path_of_blood, hangedman_decor_growths,
          amcnicky_mini_pool_small
D:4:      layout_basic, dk_yredelemnul_ordeal
D:5:      layout_gridville, mainiacjoe_overflow_paths,
          chequers_serial_rivers_micro_e
D:6:      kennysheep_windowed_halls, layout_rooms,
          nzn_overflow_gifts_of_might_and_magic, mainiacjoe_overflow_24_doors,
          nicolae_tso_besieged_by_evil, temple_statues

Skill      XL: |  1  2  3  4  5  6 |
---------------+-------------------+-----
Fire Magic     | 4 5 6 |  6.3
Axes           | 4 5 |  5.2
Fighting       | 4 |  4.7
Armour         | 1 2 |  2.3
Spellcasting   | 2 |  2.6

Action                     |  1- 3 |  4- 6 || total
---------------------------+-------+-------++-------
  Melee: Hand axe          |   104 |    68 ||   172
   Cast: Scorch            |     2 |    21 ||    23
 Invoke: Fiery Armour      |       |     1 ||     1
    Use: Scroll            |       |     6 ||     6
 Armour: Robe              |    13 |       ||    13
         Ring mail         |    48 |     3 ||    51
         Scale mail        |       |    53 ||    53
  Dodge: Dodged            |    70 |    42 ||   112

Table legend: (Time is in decaauts)
 A = Elapsed time spent in this place.
 B = Non-inter-level travel time spent in this place.
 C = Inter-level travel time spent in this place.
 D = Time resting spent in this place.
 E = Time spent auto-exploring this place.
 F = Levels seen in this place.
 G = Mean time per level.
                   A        B        C        D        E       F      G
               +--------+--------+--------+--------+--------+-----+--------+
         Total |   1498 |   1401 |     97 |      0 |    102 |   6 |  249.7 |
       Dungeon |   1498 |   1401 |     97 |      0 |    102 |   6 |  249.7 |
               +--------+--------+--------+--------+--------+-----+--------+

Top non-repeatable levels by time:
     D:4: 440 daAuts
     D:1: 310 daAuts
     D:2: 286 daAuts
     D:3: 236 daAuts
     D:5: 215 daAuts
     D:6: 8 daAuts
